 Dungeon Crawl Stone Soup version 0.28.0-45-g0d030f2227 (webtiles) character file.

Game seed: 1155741049284568499

172 Ablot the Cutter (level 5, 0/47 HPs)
             Began as a Gnoll Chaos Knight on Apr 22, 2022.
             Was a Plaything of Xom.
             Slain by a gnoll
             ... wielding a +0 club
              (3 damage)
             ... on level 4 of the Dungeon.
             The game lasted 00:03:01 (2903 turns).

Ablot the Cutter (Gnoll Chaos Knight)               Turns: 2903, Time: 00:03:02

Health: 0/47       AC:  6    Str: 14      XL:     5   Next: 52%
Magic:  7/7        EV: 12    Int: 11      God:    Xom [*.....]
Gold:   137        SH:  0    Dex:  9 (11) Spells: 7/7 levels left

rFire   . . .      SeeInvis .   a - +0 short sword (chaos)
rCold   . . .      Faith    .   (no shield)
rNeg    . . .      Spirit   .   b - +2 leather armour
rPois   .          Reflect  .   s - +0 helmet
rElec   .          Harm     .   (no cloak)
rCorr   .          Rampage  .   (no gloves)
Will    +....                   (no boots)
Stlth   +.........              (no amulet)
HPRegen 0.15/turn               k - ring of willpower
MPRegen 0.10/turn               (no ring)

@: lethally poisoned (0 -> -5)
A: fangs 1, strong nose, distributed training
a: Renounce Religion


You were on level 4 of the Dungeon.
You worshipped Xom.
You were a special plaything of Xom.
You visited 1 branch of the dungeon, and saw 4 of its levels.

You collected 137 gold pieces.

Inventory:

Hand Weapons
 a - a +0 short sword of chaos (weapon)
 t - a +2 flail of venom
Missiles
 f - 97 stones
 j - 8 poisoned darts (quivered)
 o - 4 boomerangs
 q - 72 arrows
 r - 22 bolts
Armour
 b - a +2 leather armour (worn)
 s - a +0 helmet (worn)
Jewellery
 k - a ring of willpower (left hand)
Scrolls
 d - 2 scrolls of fear {unknown}
 e - a scroll of teleportation {unknown}
 g - 2 scrolls of immolation {unknown}
 l - a scroll of identify {unknown}
Potions
 c - a potion of might {unknown}
 h - a potion of flight {unknown}
 i - 2 potions of degeneration {unknown}
 m - a potion of mutation {unknown}
 n - a potion of berserk rage {unknown}
 p - a potion of lignification {unknown}


   Skills:
 + Level 6.7 Fighting
 + Level 6.7 Short Blades
 + Level 1.5 Long Blades
 + Level 1.5 Axes
 + Level 1.5 Maces & Flails
 + Level 1.5 Polearms
 + Level 1.5 Staves
 + Level 1.5 Slings
 + Level 1.5 Bows
 + Level 1.5 Crossbows
 + Level 1.5 Throwing
 + Level 4.8 Armour
 + Level 3.0 Dodging
 + Level 1.5 Stealth
 + Level 1.5 Shields
 + Level 1.5 Unarmed Combat
 + Level 1.5 Spellcasting
 + Level 1.2 Conjurations
 + Level 1.2 Hexes
 + Level 1.2 Summonings
 + Level 1.2 Necromancy
 + Level 1.2 Translocations
 + Level 1.2 Transmutations
 + Level 1.2 Fire Magic
 + Level 1.2 Ice Magic
 + Level 1.2 Air Magic
 + Level 1.2 Earth Magic
 + Level 1.2 Poison Magic
 + Level 1.7 Invocations
 + Level 1.5 Evocations


You had 7 spell levels left.
You didn't know any spells.
Your spell library was empty.

Dungeon Overview and Level Annotations

Branches:
Dungeon (4/15)
 Temple: D:4-7

Altars:


Innate Abilities, Weirdness & Mutations

You have very sharp teeth.
Your uncanny sense of smell can sniff out nearby items.
Your experience applies equally to all skills.


Message History

The gnoll closely misses you. The gnoll barely misses you.
The iguana hisses angrily.
You hit the gnoll.
The gnoll is lightly wounded.
The gnoll blinks!
The gnoll hits you but does no damage. The gnoll misses you.
The gnoll hits you with a +0 club.
You puncture the gnoll!
The gnoll is severely wounded.
Xom makes a sudden noise!
You hear someone snoring.
You hear a shout!
The gnoll hits you but does no damage. The iguana closely misses you.
The gnoll hits you but does no damage. x2
The iguana bites you but does no damage.
The gnoll misses you. x2; The iguana bites you.
Things that are here:
a +1 whip of pain; a +0 robe; a gnoll corpse You hit the gnoll.
The gnoll seems to grow stronger.
Xom thinks this is hilarious!
You bite the gnoll, but do no damage.
The gnoll is moderately wounded.
You revert to your normal fleshy form.
Your +2 leather armour unmelds from your body.
You feel very sick. The gnoll barely misses you.
The gnoll hits you but does no damage. The gnoll hits you with a +0 club!
* * * LOW HITPOINT WARNING * * *
The gnoll hits you but does no damage.
A goblin comes into view. It is wielding a +0 dagger.
The iguana barely misses you.
You feel sick. The gnoll closely misses you. The iguana barely misses you.
The gnoll hits you with a +0 club!
* * * LOW HITPOINT WARNING * * *
Unknown command.
* * * LOW HITPOINT WARNING * * *
You feel sick. The gnoll hits you with a +0 club.
* * * LOW HITPOINT WARNING * * *
A quokka comes into view.
The gnoll hits you with a +0 club.
You die...
Xom titters!

##...5#.# #.#
###.###.#.# #.#
.g. #.g.# #.#
###†###.### #..∆
.######....# #.#
...........# #.#
..######.#### #.#
#.)g.#####>#
#.lg@......#
.l........#######
.#####....#
#.#.## r..#.#
#####.. #. #.#.
#. #.# #. #.


You could see an iguana, 2 gnolls and a quokka.

Vanquished Creatures
  A gnoll shaman (D:4)
  Robin (D:3)
  2 gnolls (D:3)
  2 adders
  2 dart slugs
  3 bats
  11 endoplasms
  2 giant cockroaches
  8 goblins
  8 hobgoblins
  6 jackals
  4 kobolds
  4 quokkas
  6 ball pythons
  6 frilled lizards
  6 rats
72 creatures vanquished.

Vanquished Creatures (collateral kills)
  An adder (D:2)
1 creature vanquished.

Grand Total: 73 creatures vanquished

Notes
Turn   | Place    | Note
-------+----------+-------------------------------------------
     0 | D:1      | Ablot the Gnoll Chaos Knight began the quest for the Orb.
     0 | D:1      | Reached XP level 1. HP: 23/23 MP: 1/1
   206 | D:1      | Reached XP level 2. HP: 28/29 MP: 2/2
   503 | D:1      | Noticed a great orb of eyes
   509 | D:1      | Found a faded altar of an unknown god.
   547 | D:1      | Reached XP level 3. HP: 21/35 MP: 3/3
   628 | D:1      | Noticed a great orb of eyes
   628 | D:1      | Noticed a golden eye
   628 | D:1      | Noticed a great orb of eyes
   677 | D:1      | XOM: cloud trail
   715 | D:1      | XOM: 2-stop teleportation journey
  1219 | D:2      | Reached skill level 1 in Invocations
  1302 | D:2      | XOM: 2-stop teleportation journey
  1314 | D:2      | Reached skill level 1 in Long Blades
  1314 | D:2      | Reached skill level 1 in Axes
  1314 | D:2      | Reached skill level 1 in Maces & Flails
  1314 | D:2      | Reached skill level 1 in Polearms
  1314 | D:2      | Reached skill level 1 in Staves
  1314 | D:2      | Reached skill level 1 in Slings
  1314 | D:2      | Reached skill level 1 in Bows
  1314 | D:2      | Reached skill level 1 in Crossbows
  1314 | D:2      | Reached skill level 1 in Throwing
  1314 | D:2      | Reached skill level 1 in Stealth
  1314 | D:2      | Reached skill level 1 in Shields
  1314 | D:2      | Reached skill level 1 in Unarmed Combat
  1314 | D:2      | Reached skill level 1 in Spellcasting
  1314 | D:2      | Reached skill level 1 in Evocations
  1350 | D:2      | XOM: 2-stop teleportation journey
  1407 | D:2      | Reached XP level 4. HP: 35/41 MP: 5/5
  1906 | D:2      | XOM: god gift: 43 gold pieces
  2129 | D:3      | Found the +7 Kryia's mail coat {PotionHeal*2 rC+}
  2230 | D:3      | Noticed Robin
  2247 | D:3      | Reached skill level 1 in Conjurations
  2247 | D:3      | Reached skill level 1 in Hexes
  2247 | D:3      | Reached skill level 1 in Summonings
  2247 | D:3      | Reached skill level 1 in Necromancy
  2247 | D:3      | Reached skill level 1 in Translocations
  2247 | D:3      | Reached skill level 1 in Transmutations
  2247 | D:3      | Reached skill level 1 in Fire Magic
  2247 | D:3      | Reached skill level 1 in Ice Magic
  2247 | D:3      | Reached skill level 1 in Air Magic
  2247 | D:3      | Reached skill level 1 in Earth Magic
  2247 | D:3      | Reached skill level 1 in Poison Magic
  2258 | D:3      | Killed Robin
  2650 | D:3      | Reached XP level 5. HP: 47/47 MP: 6/6
  2714 | D:4      | Noticed a phantom
  2714 | D:4      | XOM: 10-stop teleportation journey
  2718 | D:4      | XOM: summons 3 hostile demons
  2720 | D:4      | XOM: fog
  2866 | D:4      | XOM: cast spell 'Statue Form'
  2899 | D:4      | XOM: noise
  2903 | D:4      | Slain by a gnoll

Illustrated notes

Levels and vault maps discovered:
D:1:      tarquinn_simple_flora_water_c, layout_loops_ring,
          hellmonk_ecumenical_altar_watching_god
D:2:      minmay_chambers_of_ones, layout_rooms
D:3:      layout_basic, amcnicky_mini_rare_corridor_liquid, uniq_robin
D:4:      layout_loops_ring, gammafunk_ghost_mausoleum, uniq_ijyb

Skill      XL: |  1  2  3  4  5 |
---------------+----------------+-----
Invocations    | 1 |  1.7
Long Blades    | 1 |  1.5
Axes           | 1 |  1.5
Maces & Flails | 1 |  1.5
Polearms       | 1 |  1.5
Staves         | 1 |  1.5
Slings         | 1 |  1.5
Bows           | 1 |  1.5
Crossbows      | 1 |  1.5
Throwing       | 1 |  1.5
Stealth        | 1 |  1.5
Shields        | 1 |  1.5
Unarmed Combat | 1 |  1.5
Spellcasting   | 1 |  1.5
Evocations     | 1 |  1.5
Conjurations   | 1 |  1.2
Hexes          | 1 |  1.2
Summonings     | 1 |  1.2
Necromancy     | 1 |  1.2
Translocations | 1 |  1.2
Transmutations | 1 |  1.2
Fire Magic     | 1 |  1.2
Ice Magic      | 1 |  1.2
Air Magic      | 1 |  1.2
Earth Magic    | 1 |  1.2
Poison Magic   | 1 |  1.2
Dodging        | 3 |  3.0
Fighting       | |  6.7
Short Blades   | |  6.7
Armour         | |  4.8

Action                   |  1- 3 |  4- 6 || total
-------------------------+-------+-------++-------
Melee: Short sword       |   135 |   104 ||   239
       Bite              |    10 |     7 ||    17
       Punch             |     1 |       ||     1
 Stab: Sleeping          |       |     2 ||     2
       Confused          |       |     1 ||     1
Armor: Leather armour    |    42 |    24 ||    66
       Skin              |       |    30 ||    30
Dodge: Dodged            |    54 |    75 ||   129
